 Dungeon Crawl Stone Soup version 0.27.0 (webtiles) character file.

Game seed: 13483172044513475519

5 killington the Chiller (level 1, 0/13 HPs)
             Began as a Vampire Ice Elementalist on July 30, 2021.
             Slain by a quokka (3 damage)
             ... on level 1 of the Dungeon.
             The game lasted 00:01:28 (286 turns).

killington the Chiller (Vampire Ice Elementalist)    Turns: 286, Time: 00:01:28

Health: 0/13       AC:  2    Str:  7    XL:     1   Next: 66%
Magic:  0/3        EV: 12    Int: 17    God:
Gold:   20         SH:  0    Dex: 14    Spells: 3/4 levels left

rFire    . . .     SeeInvis +   (no weapon)
rCold    . . .     Faith    .   (no shield)
rNeg     . . .     Spirit   .   a - +0 robe
rPois    .         Reflect  .   (no helmet)
rElec    .         Harm     .   (no cloak)
rCorr    .         Rampage  .   (no gloves)
Will     .....                  (no boots)
Stlth    ++........             (no amulet)
HPRegen  0.24/turn              (no ring)
MPRegen  0.08/turn              (no ring)

@: healing quickly
A: alive, fangs 3, see invisible, vampiric 1
a: Exsanguinate


You were on level 1 of the Dungeon.
You visited 1 branch of the dungeon, and saw 1 of its levels.

You collected 20 gold pieces.

Inventory:

Armour
 a - a +0 robe (worn)
Jewellery
 b - a ring of wizardry
Scrolls
 c - a scroll of fog {unknown}


   Skills:
 + Level 2.2 Dodging
 + Level 3.0 Stealth
 + Level 2.0 Spellcasting
 + Level 4.2 Ice Magic


You had 3 spell levels left.
You knew the following spells:

 Your Spells              Type           Power      Damage    Failure   Level
a - Freeze                Ice            64%        1d8       3%          1

Your spell library contained the following spells:

 Spells                   Type           Power      Damage    Failure   Level
 Frozen Ramparts          Ice            32%        1d5       10%         3
 Ozocubu's Armour         Ice            16%        N/A       10%         3
 Slow                     Hex            1%         N/A       28%         2
 Confusing Touch          Hex            1%         N/A       50%         3
 Vampiric Draining        Necr           0%         2d6       50%         3
 Hailstorm                Conj/Ice       8%         3d4       63%         4


Dungeon Overview and Level Annotations

Branches:
Dungeon (1/15)

Altars:


Innate Abilities, Weirdness & Mutations

Your natural rate of healing is accelerated.
You have razor-sharp teeth.
You have supernaturally acute eyesight. (SInv)
You are afflicted with vampirism.


Message History

Press: ? - help, Shift-Dir - straight line, f - quokka
Aim: a quokka (asleep)
You freeze the quokka.
The quokka is lightly wounded.
The quokka barely misses you.
Casting: Freeze (safe; 3% risk of failure)
Confirm with . or Enter, or press ? or * to list all spells.
Aiming: Freeze (safe; 3% risk of failure)
Press: ? - help, Shift-Dir - straight line, f/p - quokka
Aim: a quokka (lightly wounded)
You freeze the quokka.
The quokka is moderately wounded.
The quokka bites you. The quokka closely misses you.
Casting: Freeze (safe; 3% risk of failure)
Confirm with . or Enter, or press ? or * to list all spells.
Aiming: Freeze (safe; 3% risk of failure)
Press: ? - help, Shift-Dir - straight line, f/p - quokka
Aim: a quokka (moderately wounded)
You freeze the quokka.
The quokka is severely wounded.
The quokka bites you.
Okay, then.
You closely miss the quokka. Your bite misses the quokka.
The quokka is severely wounded.
The quokka barely misses you.
You barely miss the quokka.
The quokka is severely wounded.
The quokka bites you.
* * * LOW HITPOINT WARNING * * *
You are too injured to fight recklessly!
You barely miss the quokka.
The quokka is severely wounded.
The quokka barely misses you.
You barely miss the quokka.
The quokka is severely wounded.
The quokka closely misses you. x2
You hit the quokka but do no damage.
The quokka is severely wounded.
The quokka bites you.
You die...

. ##.# # ### #.
# ..# #. # #.# #
###.# # #[#.## #
....# # # ##..##
#### # #. #r@..+
+... #.#.###.#.#
#### r.....#.# #
....##.#
#.###.##[#
#......†.#####+#
#####..........#
#.#######..#
#.....#
#..########


You could see a quokka.

Vanquished Creatures
  An endoplasm (D:1)
  A hobgoblin (D:1)
  A bat (D:1)
  A frilled lizard (D:1)
  2 rats (D:1)
6 creatures vanquished.

Notes
Turn   | Place    | Note
-------+----------+-------------------------------------------
     0 | D:1      | killington the Vampire Ice Elementalist began the quest for
                  | the Orb.
     0 | D:1      | Reached XP level 1. HP: 13/13 MP: 3/3
   286 | D:1      | Slain by a quokka

Illustrated notes

Levels and vault maps discovered:
D:1:      pf_arrival_petrified_forest, layout_loops_corners, serial_forest,
          infiniplex_forest_split, infiniplex_forest_straight_4,
          infiniplex_forest_end_double, infiniplex_forest_straight_3,
          infiniplex_forest_clump_large, infiniplex_forest_end_1,
          infiniplex_forest_clump_tiny, minmay_heptomino_h4

Action                   || total
-------------------------++-------
Melee: Unarmed           ||     7
 Cast: Freeze            ||    12
Armor: Robe              ||     4
Dodge: Dodged            ||    12
